 Dungeon Crawl Stone Soup version 0.31-a0-177-g4aa6249778 (webtiles) character file.

Game seed: 2928729913434917942

119 qw the Shooter (level 5, 0/46 (49) HPs)
             Began as a Naga Hunter on June 18, 2023.
             Was an Initiate of Okawaru.
             Slain by an orc
             ... wielding a +0 club
              (1 damage)
             ... on level 3 of the Dungeon.
             The game lasted 00:00:50 (1828 turns).

qw the Shooter (Naga Hunter)                        Turns: 1828, Time: 00:00:51

HP:   0/46 (49)     AC:  5    Str: 13    XL:     5   Next: 3%
MP:   5/5           EV: 10    Int: 10    God:    Okawaru [......]
Gold: 220           SH:  0    Dex: 16    Spells: 4/4 levels left

rFire   . . .        Y - +1 shortbow
rCold   + . .        (shield currently unavailable)
rNeg    . . .        h - +2 robe {rC+}
rPois   +            (no helmet)
rElec   .            (no cloak)
rCorr   .            g - +0 pair of gloves
SInv    +            (no barding)
Will    .....        (no amulet)
Stlth   ++           (no ring)
HPRegen 0.27/turn    (no ring)
MPRegen 0.09/turn

%: no passive effects
@: short of breath, drained, very slow
A: AC +1, large, see invisible, deformed body, poison resistance, slowness 2,
spit poison 1, naga tail 1
a: Spit Poison, Renounce Religion


You were on level 3 of the Dungeon.
You worshipped Okawaru.
Okawaru was noncommittal.
You visited 1 branch of the dungeon, and saw 3 of its levels.

You collected 220 gold pieces.


Innate Abilities, Weirdness & Mutations

Your serpentine skin is tough. (AC +1)
You have supernaturally acute eyesight. (SInv)
Armour fits poorly on your strangely shaped body.
Your system is resistant to poisons. (rPois)
You cover ground very slowly.
You can spit poison.
You have a snake-like lower body.


   Skills:
 - Level 3.2 Fighting
 + Level 5.0 Ranged Weapons
 - Level 1.5 Dodging
 - Level 1.5 Stealth


You had 4 spell levels left.
You didn't know any spells.
Your spell library was empty.

Inventory:

Hand Weapons
 Y - a +1 shortbow (weapon)
Armour
 g - a +0 pair of gloves (worn)
 h - a +2 robe of cold resistance (worn)
Scrolls
 e - 2 scrolls of identify
Potions
 a - 2 potions of lignification {unknown}
 d - a potion of curing {unknown}
 f - a potion of cancellation {unknown}
 i - a potion of heal wounds {unknown}
 j - a potion of brilliance {unknown}

Dungeon Overview and Level Annotations

Branches:
Dungeon (3/15)

Altars:
Cheibriados
Okawaru

Shops:
D:2 :


Message History

Enter note:
1817 ||| Stepping ~*~*~tactically~*~*~ (outnumbered).
1818 ||| INVOKING Spit Poison.
Aiming: Spit Poison (1% risk of failure)
Press: ? - help, Shift-Dir - straight line, f - orc The splash of poison hits the orc.
The orc is poisoned.
The orc is heavily wounded.
The orc closely misses you.
You shoot an arrow. The arrow barely misses the orc.
The orc completely misses you.
You shoot an arrow. The arrow hits the orc!
You kill the orc!
Okawaru accepts your kill.
An orc and an endoplasm come into view.
The endoplasm moves out of view.
You shoot an arrow. The arrow barely misses the orc.
You have got your breath back.
The orc priest calls down the wrath of Beogh upon you.
Beogh smites you! The orc hits you with a +0 club.
1823 ||| INVOKING Spit Poison.
Aiming: Spit Poison (1% risk of failure)
Press: ? - help, Shift-Dir - straight line, f/p - orc The splash of poison misses the orc.
The orc closely misses you.
You shoot an arrow. The arrow completely misses the orc.
The orc closely misses you.
You shoot an arrow.
The arrow hits the orc but does no damage.
You shoot an arrow. The arrow closely misses the orc.
The orc hits you with a +0 club.
The orc priest calls down the wrath of Beogh upon you.
Beogh smites you! The orc hits you but does no damage.
You shoot an arrow.
The arrow closely misses the orc priest.
The orc priest invokes the aid of Beogh against you.
Beogh smites you! The orc barely misses you.
You shoot an arrow. The arrow barely misses the orc priest.
The orc priest hits you with a +0 dagger.
The orc hits you with a +0 club.
You die...

### .. .>### #.#. #.
.)..# #.. ..
#.#.###.####.. .#
#............. .#
##..########.# .#
#...#######.### h#
#.............##o#
#.....#####.#..@o# ..#
#.....# #.##...# #..#
#.....# #.###..# #..#
#.....# #..#...###..##
#../..# ##.#....##...##
#....## #......##.#..#
#.....# #....P.....#
#.....# ##..........#
##.....#####....._...<.#


You could see an orc priest, an orc and a jackal.

Vanquished Creatures
  An orc wizard (D:3)
  3 adders (D:2)
  An ufetubus (D:3)
  A worm (D:3)
  A dart slug (D:1)
  5 orcs (D:3)
  4 endoplasms
  3 giant cockroaches
  3 goblins (D:2)
  3 hobgoblins
  2 quokkas (D:2)
  6 ball pythons
  9 bats
  3 frilled lizards
  7 kobolds
  6 rats
58 creatures vanquished.

Notes
Turn   | Place    | Note
-------+----------+-------------------------------------------
     0 | D:1      | qw the Naga Hunter began the quest for the Orb.
     0 | D:1      | Reached XP level 1. HP: 19/19 MP: 1/1
     0 | D:1      | 0 ||| qw: Version: 0.3-a-5-g6f28e65
     0 | D:1      | 0 ||| qw: Game counter: 550
     0 | D:1      | 0 ||| qw: Always use a shield: true
     0 | D:1      | 0 ||| qw: God list: Okawaru
     0 | D:1      | 0 ||| qw: Allow faded altars: false
     0 | D:1      | 0 ||| qw: Do Orc after D:15 true
     0 | D:1      | 0 ||| qw: Do second Lair branch before Depths: true
     0 | D:1      | 0 ||| qw: Lair rune preference: random
     0 | D:1      | 0 ||| qw: Plans: Normal
     0 | D:1      | 0 ||| PLANNING D:1-11
     9 | D:1      | Noticed a bullfrog
    83 | D:1      | 83 ||| INVOKING Spit Poison.
   184 | D:1      | 184 ||| INVOKING Spit Poison.
   204 | D:1      | 204 ||| INVOKING Spit Poison.
   231 | D:1      | 231 ||| INVOKING Spit Poison.
   259 | D:1      | 259 ||| INVOKING Spit Poison.
   261 | D:1      | Reached skill level 4 in Ranged Weapons
   261 | D:1      | Reached XP level 2. HP: 25/26 MP: 2/2
   289 | D:1      | 289 ||| INVOKING Spit Poison.
   319 | D:1      | 319 ||| INVOKING Spit Poison.
   395 | D:1      | 395 ||| INVOKING Spit Poison.
   399 | D:1      | 399 ||| INVOKING Spit Poison.
   411 | D:1      | 411 ||| INVOKING Spit Poison.
   418 | D:1      | 418 ||| INVOKING Spit Poison.
   604 | D:1      | 604 ||| UPGRADING to +0 pair of gloves.
   609 | D:1      | 609 ||| UPGRADING to +2 robe of cold resistance.
   619 | D:1      | 619 ||| DROPPING +0 leather armour.
   620 | D:1      | 620 ||| READING scroll labelled HEQ QIZOIQEV.
   670 | D:1      | 670 ||| READING scroll labelled MAELAILUAC.
   671 | D:1      | 671 ||| DROPPING scroll of butterflies.
   700 | D:2      | Found an iron altar of Okawaru.
   701 | D:2      | 701 ||| PLANNING OKAWARU WORSHIP
   701 | D:2      | 701 ||| STAIRDANCE
   705 | D:2      | 705 ||| STAIRDANCE
   709 | D:2      | 709 ||| STAIRDANCE
   711 | D:1      | 711 ||| INVOKING Spit Poison.
   714 | D:2      | 714 ||| STAIRDANCE
   718 | D:2      | 718 ||| STAIRDANCE
   722 | D:2      | 722 ||| STAIRDANCE
   724 | D:1      | 724 ||| INVOKING Spit Poison.
   725 | D:1      | Reached XP level 3. HP: 32/32 MP: 3/3
   727 | D:2      | 727 ||| STAIRDANCE
   731 | D:2      | 731 ||| STAIRDANCE
   733 | D:1      | 733 ||| INVOKING Spit Poison.
   743 | D:2      | 743 ||| STAIRDANCE
   747 | D:2      | 747 ||| STAIRDANCE
   751 | D:2      | 751 ||| STAIRDANCE
   753 | D:1      | 753 ||| INVOKING Spit Poison.
   757 | D:2      | 757 ||| STAIRDANCE
   761 | D:2      | 761 ||| STAIRDANCE
   767 | D:2      | 767 ||| INVOKING Spit Poison.
   774 | D:2      | Became a worshipper of Warmaster Okawaru
   775 | D:2      | 775 ||| PLANNING D:1-11
   811 | D:2      | 811 ||| INVOKING Spit Poison.
   814 | D:2      | 814 ||| INVOKING Spit Poison.
   816 | D:2      | Found Plog's Book Shoppe.
   821 | D:2      | 821 ||| INVOKING Spit Poison.
   829 | D:2      | 829 ||| INVOKING Spit Poison.
   851 | D:2      | 851 ||| INVOKING Spit Poison.
   856 | D:2      | 856 ||| INVOKING Spit Poison.
   890 | D:2      | 890 ||| INVOKING Spit Poison.
   895 | D:2      | 895 ||| INVOKING Spit Poison.
   910 | D:2      | 910 ||| INVOKING Spit Poison.
   946 | D:2      | 946 ||| INVOKING Spit Poison.
   995 | D:2      | 995 ||| INVOKING Spit Poison.
   998 | D:2      | Reached skill level 5 in Ranged Weapons
  1034 | D:2      | Reached XP level 4. HP: 39/39 MP: 4/4
  1050 | D:2      | Found a faded altar of an unknown god.
  1052 | D:2      | 1052 ||| INVOKING Spit Poison.
  1077 | D:2      | 1077 ||| INVOKING Spit Poison.
  1091 | D:2      | 1091 ||| INVOKING Spit Poison.
  1216 | D:2      | 1216 ||| INVOKING Spit Poison.
  1256 | D:2      | 1256 ||| INVOKING Spit Poison.
  1289 | D:2      | 1289 ||| READING scroll labelled AKOSSY QEESCHUOSI.
  1293 | D:2      | 1293 ||| READING scroll labelled MEYNEIN UMPIUPS.
  1294 | D:2      | 1294 ||| READING scroll labelled IPTABE UWEAMUMP.
  1313 | D:3      | Found a snail-covered altar of Cheibriados.
  1315 | D:3      | 1315 ||| INVOKING Spit Poison.
  1337 | D:3      | 1337 ||| INVOKING Spit Poison.
  1371 | D:3      | 1371 ||| INVOKING Spit Poison.
  1380 | D:3      | 1380 ||| INVOKING Spit Poison.
  1410 | D:3      | 1410 ||| INVOKING Spit Poison.
  1512 | D:3      | 1512 ||| INVOKING Spit Poison.
  1517 | D:3      | 1517 ||| INVOKING Spit Poison.
  1579 | D:3      | 1579 ||| INVOKING Spit Poison.
  1581 | D:3      | 1581 ||| Stepping ~*~*~tactically~*~*~ (outnumbered).
  1585 | D:3      | 1585 ||| INVOKING Spit Poison.
  1588 | D:3      | 1588 ||| INVOKING Spit Poison.
  1590 | D:3      | Reached skill level 3 in Fighting
  1593 | D:3      | Reached XP level 5. HP: 26/46 MP: 5/5
  1817 | D:3      | 1817 ||| Stepping ~*~*~tactically~*~*~ (outnumbered).
  1818 | D:3      | 1818 ||| INVOKING Spit Poison.
  1823 | D:3      | 1823 ||| INVOKING Spit Poison.
  1827 | D:3      | HP: 2/46 [orc priest/divine providence (11)]
  1828 | D:3      | Slain by an orc

Levels and vault maps discovered:
D:1:      evilmike_arrival_come_back, layout_loops_cross
D:2:      minmay_evil_eye, layout_rooms, basic_altar,
          ebering_ecumenical_altar_petrified, serial_shops,
          nicolae_shop_advertising_works [nicolae_subvault_shop_adworks],
          minmay_misc_feat_cross, item_on_display_a
D:3:      layout_rooms, mainiacjoe_overflow_tiny_flanked, roderic_lattice_a,
          minmay_large_rounded_square, st_stairs_12

Skill      XL: |  1  2  3  4 |
---------------+-------------+-----
Ranged Weapons | 4 5 |  5.0
Fighting       | 3 |  3.2
Dodging        | |  1.5
Stealth        | |  1.5

Action                     |  1- 3 |  4- 6 || total
---------------------------+-------+-------++-------
   Fire: Shortbow          |    44 |    38 ||    82
Ability: Spit Poison       |    27 |    17 ||    44
    Use: Scroll            |     2 |     3 ||     5
 Armour: Leather armour    |     2 |       ||     2
         Robe              |    10 |     4 ||    14
  Dodge: Dodged            |    10 |    10 ||    20

Table legend:
 A = Non-vault XP
 B = Vault XP
 C = Vault XP percentage of total XP
 D = Non-vault monster count
 E = Vault monster count
 F = Vault count percentage of total count
                 A         B        C        D         E       F
            +---------+---------+-------+---------+---------+-------
      Total |     152 |      18 |  10.6 |      55 |       3 |   5.2
            +---------+---------+-------+---------+---------+-------
        D:1 |      36 |       0 |   0.0 |      23 |       0 |   0.0
        D:2 |      51 |      18 |  26.1 |      18 |       3 |  14.3
        D:3 |      65 |       0 |   0.0 |      14 |       0 |   0.0
            +---------+---------+-------+---------+---------+-------
